 Dungeon Crawl Stone Soup version 0.16.1-28-gcc2312f (webtiles) character file.

136 sqallbeste the Shield-Bearer (level 5, -1/42 HPs)
             Began as a Formicid Fighter on May 27, 2015.
             Killed by nerve-wracking pain
             ... invoked by an orc priest
              (11 damage)
             ... on level 2 of the Dungeon.
             The game lasted 00:11:07 (2421 turns).

sqallbeste the Shield-Bearer (Formicid Fighter)     Turns: 2421, Time: 00:11:08

Health: -1/42      AC:  7    Str: 21    XL:     5   Next: 43%
Magic:  7/7        EV:  8    Int:  8    God:
Gold:   106        SH: 13    Dex: 10    Spells: 0 memorised, 4 levels left

rFire  + . .     SeeInvis +     a - +1 war axe
rCold  x . .     Clarity  .     b - +0 scale mail
rNeg   . . .     SustAb   .     c - +3 shield
rPois  .         Gourm    .     (helmet unavailable)
rElec  .         Spirit   .     (no cloak)
rCorr  .         Warding  .     (no gloves)
rMut   .         Stasis   +     (no boots)
MR     .....                    (no amulet)
Stlth  ..........               m - ring of fire
                                i - ring of teleportation

@: not resistant to hostile enchantments, extremely unstealthy
A: permanent stasis, dig shafts and tunnels, four strong arms, antennae 3
a: Dig, Shaft Self, Evoke Teleportation


You were on level 2 of the Dungeon.
You were not hungry.

You visited 1 branch of the dungeon, and saw 3 of its levels.

You collected 106 gold pieces.

Inventory:

Hand weapons
 a - a +1 war axe (weapon)
 e - a +1 whip of pain
 k - a +0 long sword
Armour
 b - a +0 scale mail (worn)
 c - a +3 shield (worn)
Jewellery
 i - a ring of teleportation (left hand)
 m - a ring of fire (right hand)
Scrolls
 d - a scroll of remove curse
Comestibles
 f - a beef jerky
 g - 3 fruits
 h - a meat ration
 j - a slice of pizza


   Skills:
 + Level 3.7 Fighting
 * Level 3.1 Axes
 * Level 4.2 Armour
 * Level 5.1 Shields


You had 4 spell levels left.
You didn't know any spells.

Dungeon Overview and Level Annotations

Branches:
Dungeon (3/15)

Altars:


Innate Abilities, Weirdness & Mutations

You are under a permanent stasis effect.
You can dig through walls and to a lower floor.
Your four strong arms can wield two-handed weapons with a shield.
You have a pair of large antennae on your head (SInv).


Message History

The orc priest closely misses you.
The orc priest hits you but does no damage.
You climb upwards.
There is a stone staircase leading down here.
You see here a stone.
You barely miss the orc priest.
The orc priest is lightly wounded.
The orc priest hits you with a mace.
* * * LOW HITPOINT WARNING * * *
You closely miss the orc priest.
The orc priest is lightly wounded.
You block the orc priest's attack.
You hit the orc priest.
The orc priest is moderately wounded.
The orc priest hits you but does no damage.
You hit the orc priest.
The orc priest is moderately wounded.
The orc priest invokes the aid of Beogh against you.
Pain shoots through your body!
You die...

'.#........##..#.##.#.......#
#.#........##..#.##.#.......#
#.#......(.##..#.##.#.......#
#.#####.#..###.#.##.#.......#
#.#........###.#.##.'.......#
#.#.###.#......#.####..)....#
#.#.# #.######.=.# #.......#
#.#.# #.#######.o# #.......#
#.#.# #........[@####.......#
#.#.###..#########......#.###
#.#.(....# #............#
#'######.#####.###......#######
...# #.#......##............#
...# #.#......##............#
...# #.#......#######....(..#
...#####.#......#### #.......#
.......#.#.........# #.......#


You could see an orc priest.

Vanquished Creatures
  3 adders (D:2)
  4 gnolls
  A giant mite (D:2)
  2 giant geckos (D:1)
  An ooze (D:1)
  2 orcs
  3 giant cockroaches (D:2)
  9 hobgoblins
  13 bats
  5 giant newts
  6 goblins
  7 kobolds
  5 rats (D:2)
61 creatures vanquished.

Notes
Turn   | Place    | Note
--------------------------------------------------------------
     0 | D:1      | sqallbeste, the Formicid Fighter, began the quest for the Orb.
     0 | D:1      | Reached XP level 1. HP: 18/18 MP: 1/1
   178 | D:1      | Reached XP level 2. HP: 17/24 MP: 3/3
   206 | D:1      | Reached skill level 4 in Shields
   407 | D:1      | Reached XP level 3. HP: 29/29 MP: 4/4
  1302 | D:2      | Reached XP level 4. HP: 33/35 MP: 5/5
  2055 | D:3      | Reached XP level 5. HP: 41/41 MP: 7/7
  2066 | D:3      | Reached skill level 5 in Shields
  2421 | D:2      | Killed from afar by an orc priest

Action                   |  1- 3 |  4- 6 || total
-------------------------+-------+-------++-------
Melee: War axe           |    88 |    96 ||   184
 Abil: Evoke Teleportati |     1 |       ||     1
  Use: Scroll            |     8 |     5 ||    13
       Potion            |     3 |     1 ||     4
  Eat: Bread ration      |     1 |       ||     1
       Beef jerky        |       |     1 ||     1
